 Dungeon Crawl Stone Soup version 0.31.0-12-g77e489cdc1 (webtiles) character file.

Game seed: 17088273391860730416

5355 hawla the Protected (level 10, -3/83 HPs)
             Began as a Minotaur Fighter on Feb 16, 2024.
             Was an Initiate of Yredelemnul.
             Slain by a two-headed ogre
             ... wielding a +0 giant club
              (18 damage)
             ... on level 6 of the Dungeon.
             The game lasted 00:16:19 (8697 turns).

hawla the Protected (Minotaur Fighter)              Turns: 8697, Time: 00:16:21

Health: -3/83      AC: 18    Str: 24    XL:     10   Next: 38%
Magic:  9/9        EV: 10    Int:  9    God:    Yredelemnul [......]
Gold:   508        SH:  4    Dex:  9    Spells: 9/9 levels left

rFire   . . .        a - +1 war axe (heavy)
rCold   . . .        c - +0 buckler
rNeg    . . .        q - +0 chain mail
rPois   .            k - +0 hat
rElec   .            n - +2 cloak
rCorr   .            e - +0 pair of gloves
SInv    .            (no boots)
Will    .....        (no amulet) Stlth
                     (no ring)
HPRegen 0.33/turn    (no ring)
MPRegen 0.11/turn

%: no passive effects
@: no status effects
A: horns 2, retaliatory headbutt, clever 1
a: Renounce Religion, Recall Undead Harvest


You were on level 6 of the Dungeon.
You worshipped Yredelemnul.
Yredelemnul was noncommittal.
You visited 2 branches of the dungeon, and saw 9 of its levels.

You collected 508 gold pieces.

Inventory:

Hand Weapons
 a - a +1 heavy war axe (weapon)
Missiles
 h - 3 throwing nets (quivered)
 t - a curare-tipped dart
Armour
 c - a +0 buckler (worn)
 e - a +0 pair of gloves (worn)
 k - a +0 hat (worn)
 n - a +2 cloak (worn)
 q - a +0 chain mail (worn)
Wands
 d - a wand of acid (6)
 f - a wand of paralysis (13)
Scrolls
 g - 7 scrolls of teleportation
 i - a scroll of vulnerability
 l - 2 scrolls of immolation
 u - 2 scrolls of noise {unknown}
Potions
 b - a potion of mutation
 j - a potion of curing
 m - a potion of resistance
 o - a potion of enlightenment
 p - a potion of invisibility {unknown}
 r - 2 potions of brilliance {unknown}
 s - 2 potions of lignification {unknown}


   Skills:
 - Level 6.0 Fighting
 - Level 2.4 Axes
 - Level 6.0 Throwing
 + Level 13.6 Armour
 - Level 7.0 Dodging
 - Level 5.0 Shields
 - Level 3.0 Evocations


You had 9 spell levels left.
You didn't know any spells.
Your spell library was empty.

Dungeon Overview and Level Annotations

Branches:
Dungeon (8/15)             Temple (1/1) D:7
   Lair: D:8-11

Altars:
Cheibriados
Dithmenos
Elyvilon
Fedhas
Gozag
Hepliaklqana
Kikubaaqudgha
Makhleb
Nemelex Xobeh
Okawaru
Qazlal
Ru
Sif Muna
Trog
Vehumet
Wu Jian
Xom
Yredelemnul
Zin
The Shining One

Shops:
D:1 (   D:3 [

Annotations:
D:6 1 transporter
D:7 1 transporter, labirda's ghost, novice MiFi


Innate Abilities, Weirdness & Mutations

You have a pair of horns on your head.
You reflexively headbutt those who attack you in melee.
Your mind is acute. (Int +4, Str/Dex -1)


Message History

The orc wizard gestures at you while chanting.
You easily resist.
You hit the two-headed ogre.
The two-headed ogre is lightly wounded.
The two-headed ogre hits you but does no damage.
The two-headed ogre hits you with a +0 giant club!
The two-headed ogre misses you. The two-headed ogre closely misses you.
You slice the two-headed ogre!! You headbutt the two-headed ogre!
The two-headed ogre is severely wounded.
You slash the two-headed ogre!
You hit the orc wizard but do no damage.
You slash the cyclops!
The two-headed ogre hits you but does no damage.
The two-headed ogre barely misses you. You block the orc wizard's attack.
The cyclops hits you!
The two-headed ogre hits you but does no damage.
The two-headed ogre hits you with a +0 giant club!
The orc wizard completely misses you. The two-headed ogre closely misses you.
The two-headed ogre hits you with a +0 giant club.
The cyclops hits you but does no damage.
You barely miss the two-headed ogre.
The two-headed ogre is severely wounded.
You barely miss the orc wizard. You barely miss the cyclops.
You barely miss the two-headed ogre.
The orc wizard hits you with a +0 dagger.
The two-headed ogre misses you. You furiously retaliate!
You headbutt the two-headed ogre.
The two-headed ogre hits you with a +0 giant club!
You block the two-headed ogre's attack. x2; The cyclops barely misses you.
You furiously retaliate!
You headbutt the cyclops! The orc wizard closely misses you.
You furiously retaliate!
You headbutt the orc wizard! You slice the orc wizard!!
You kill the orc wizard!
You barely miss the cyclops. You slash the two-headed ogre! x2
The two-headed ogre hits you with a +0 giant club!!
* * * LOW HITPOINT WARNING * * *
The two-headed ogre hits you with a +0 giant club!!
You die...
Your body rises from the dead as a mindless zombie.

###.# #.......# ....#
#.......## #####
#........## ..#
#.........##### #.#
#.......©.....## #.####
#...#########..#
#....####..##8.....8##.#
#..#.......#...CO....#.#
..##..####.#...O@....#.#
#+##..####.#...).....#.#
...........#........©#.#
...........#.........#.#
....>......#.........#.#
#..........#..[($)?..#.#
#..........##8$_._$8##.#
#...........#########..#
#...............©.....##


You could see 2 two-headed ogres and a cyclops.

Vanquished Creatures
  A dancing weapon (D:6)
  The ghost of mkat the Caller, a novice MfSu (D:6)
  A wyvern (D:8)
  3 steam dragons (D:8)
  3 yaks (D:7)
  A water moccasin (D:7)
  3 ice beasts
  A black bear (D:7)
  4 ogres
  2 sky beasts (D:8)
  3 centaurs
  A kobold brigand (D:7)
  2 bullfrogs
  5 scorpions
  5 wights (D:7)
  5 killer bees (D:7)
  5 bombardier beetles
  3 hounds
  5 jellies
  3 orc priests
  3 gnoll boudas
  2 sleepcaps
  Jessica (D:2)
  5 orc wizards
  20 gnolls
  11 adders
  6 ufetubi
  3 dart slugs
  2 ribbon worms
  19 orcs
  5 endoplasms
  4 giant cockroaches
  3 goblins (D:1)
  6 hobgoblins
  11 jackals
  7 quokkas
  4 ball pythons
  6 bats
  6 frilled lizards (D:1)
  8 kobolds
  12 rats
201 creatures vanquished.

Vanquished Creatures (others)
  A sky beast (D:8)
1 creature vanquished.

Grand Total: 202 creatures vanquished

Notes
Turn   | Place    | Note
-------+----------+-------------------------------------------
     0 | D:1      | hawla the Minotaur Fighter began the quest for the Orb.
     0 | D:1      | Reached XP level 1. HP: 19/19 MP: 0/0
    86 | D:1      | Reached XP level 2. HP: 26/26 MP: 1/1
   129 | D:1      | Found Yniachuico's Antique Weapon Shoppe.
   306 | D:1      | Reached skill level 5 in Shields
   343 | D:1      | Reached XP level 3. HP: 33/33 MP: 2/2
   397 | D:1      | Found a faded altar of an unknown god.
   896 | D:2      | Gained mutation: Your mind is acute. (Int +4, Str/Dex -1)
                  | [potion of mutation]
  1100 | D:2      | Reached XP level 4. HP: 38/41 MP: 3/3
  1174 | D:2      | Reached skill level 5 in Fighting
  1401 | D:2      | Noticed Jessica
  1404 | D:2      | Killed Jessica
  1516 | D:3      | Found Ysuev's Antique Armour Shop.
  1525 | D:3      | Reached XP level 5. HP: 50/50 MP: 4/4
  1597 | D:3      | Reached skill level 1 in Dodging
  2127 | D:4      | Reached XP level 6. HP: 55/57 MP: 5/5
  2162 | D:4      | Reached skill level 5 in Dodging
  2516 | D:4      | Reached XP level 7. HP: 61/63 MP: 6/6
  2789 | D:5      | Entered Level 5 of the Dungeon
  3120 | D:5      | Found an opulent altar of Gozag.
  3183 | D:5      | Reached skill level 1 in Evocations
  3383 | D:5      | Reached XP level 8. HP: 53/70 MP: 7/7
  4012 | D:6      | Reached skill level 5 in Throwing
  4375 | D:6      | Reached skill level 4 in Armour
  4732 | D:6      | Noticed a two-headed ogre
  4735 | D:6      | Noticed a two-headed ogre
  4740 | D:6      | Noticed a cyclops
  4742 | D:6      | Found a transporter.
  4742 | D:6      | Found a snail-covered altar of Cheibriados.
  4765 | D:6      | Found a transporter.
  4772 | D:6      | Found a glowing silver altar of Zin.
  4926 | D:6      | Reached skill level 5 in Armour
  4948 | D:6      | Found a runed translucent door.
  4948 | D:6      | Found a shimmering altar of Xom.
  4948 | D:6      | Noticed mkat's ghost (novice MfSu)
  4948 | D:6      | Noticed a +1 mace of chaos
  5073 | D:6      | Found an ornate altar of the Wu Jian Council.
  5566 | D:6      | Killed mkat's ghost
  5567 | D:6      | Reached skill level 7 in Armour
  5567 | D:6      | Reached XP level 9. HP: 74/75 MP: 8/8
  5578 | D:6      | Killed a +1 mace of chaos
  5579 | D:6      | Reached skill level 9 in Armour
  5897 | D:7      | Found a stormy altar of Qazlal.
  5906 | D:7      | Reached skill level 10 in Armour
  6101 | D:7      | Found a staircase to the Ecumenical Temple.
  6111 | D:7      | Reached skill level 11 in Armour
  6128 | Temple   | Entered the Ecumenical Temple
  6402 | D:7      | Reached skill level 12 in Armour
  6402 | D:7      | Reached XP level 10. HP: 37/83 MP: 9/9
  6784 | D:7      | Found a transporter.
  6785 | D:7      | Noticed labirda's ghost (novice MiFi)
  6860 | D:7      | Identified the +2 giant club of Extremism {pain, rPois
                  | Str+3 Dex-3 Stlth+}
  6860 | D:7      | Noticed a two-headed ogre
  7362 | D:8      | Found a basalt altar of Yredelemnul.
  7530 | D:8      | Reached skill level 13 in Armour
  8011 | D:8      | Became a worshipper of Yredelemnul the Dark
  8046 | D:8      | Reached * piety under Yredelemnul
  8697 | D:6      | Slain by a two-headed ogre

Illustrated notes

Levels and vault maps discovered:
D:1:      lightli_arrival_farm, layout_basic,
          shapermc_ecumenical_altar_rom_forum, serial_shops,
          nicolae_shop_peninsula
D:2:      layout_loops_ring, grunt_ministairs_7, uniq_jessica
D:3:      layout_rooms, serial_shops, shop
D:4:      layout_cave_pools, corexii_shack, minmay_stone_trees_small,
          eino_tiny_chamber, chequers_jeans
D:5:      minmay_evil_eye, layout_cave_pods, nicolae_gozag_seed_capital
D:6:      mumra_celtic_spiral_tile, layout_basic, nzn_wu_jian_contemplation,
          gammafunk_temple_overflow_arena, nicolae_ossuary_entry_ruins,
          ebering_ghost_xom
D:7:      layout_cave_pools, nicolae_qazlal_scattered_showers,
          minmay_temple_entry_purple_smoke, gammafunk_ghost_smash, st_stairs_13,
          chequers_decorated_corner
D:8:      layout_layer_cave, nicolae_overflow_crystal_walls,
          hangedman_misty_isle
Temple:   oiseaux_autumnal_temple

Skill      XL: |  1  2  3  4  5  6  7  8  9 10 |
---------------+-------------------------------+-----
Shields        | 4 5 |  5.0
Fighting       | 4 6 |  6.0
Dodging        | 3 5 7 |  7.0
Evocations     | 3 |  3.0
Throwing       | 2 6 |  6.0
Armour         | 7 12 13 | 13.6
Axes           | |  2.4

Action                     |  1- 3 |  4- 6 |  7- 9 | 10-12 || total
---------------------------+-------+-------+-------+-------++-------
  Melee: War axe           |    65 |   120 |   179 |    68 ||   432
         Headbutt          |    11 |    15 |    25 |     9 ||    60
  Evoke: Wand              |       |       |    13 |     3 ||    16
    Use: Scroll            |     2 |     3 |     6 |     2 ||    13
         Potion            |     1 |       |     4 |     4 ||     9
   Stab: Paralysed         |       |       |     5 |     3 ||     8
 Armour: Scale mail        |    57 |    88 |       |       ||   145
         Chain mail        |       |       |   261 |   145 ||   406
  Dodge: Dodged            |    41 |    72 |   164 |    70 ||   347
  Block: Buckler           |    16 |    20 |    83 |    30 ||   149
